Map: [ESL] Oceanborn

Players

Serral - Winner!

  • Race: Zerg Zerg
  • Spawn Location: 5:00

goblin

  • Race: Protoss Protoss
  • Spawn Location: 11:00

Event: ESL SC2 Masters 2023 Winter (Regional)

VOD

Have the link to the VOD?

Description

Time

  • Played on: Oct. 28, 2023, 10:39 a.m.
  • Length: 10:50

All games in this series

Show
View Real Time Build Order
Export as new Build Order

Serral Zerg - Winner!

Build Orders: Hatch First, Roach Hydra 

Get SALT Encoding   

  12  0:00  Drone  
  13  0:12  Overlord  
  13  0:16  Drone  
  14  0:30  Drone x2  
  16  0:47  Hatchery  
  15  0:51  Drone  
  15  0:54  Drone  
  17  0:58  Drone  
  18  1:09  Extractor  
  17  1:13  Spawning Pool  
  17  1:16  Drone  
  17  1:21  Drone  
  18  1:27  Drone  
  19  1:38  Drone  
  20  1:48  Overlord  
  20  1:59  Queen x2  
  20  2:00  Zergling x4  
  26  2:09  Metabolic Boost  
  26  2:12  Drone x2  
  28  2:21  Drone x2  
  30  2:33  Hatchery  
  30  2:35  Drone  
  30  2:38  Drone  
  30  2:43  Overlord  
  31  2:49  Queen  
  34  2:51  Drone  
  34  2:54  Drone  
  35  2:58  Drone  
  35  3:03  Queen  
  35  3:05  Overlord  
  38  3:09  Drone  
  38  3:10  Drone  
  38  3:12  Drone  
  41  3:14  Drone  
  41  3:17  Drone  
  41  3:18  Drone  
  44  3:24  Queen  
  46  3:28  Drone  
  46  3:30  Drone  
  48  3:39  Queen, Overlord  
  48  3:41  Drone x2  
  52  3:45  Drone x3  
  54  3:49  Drone  
  55  3:55  Spore Crawler  
  55  3:56  Spore Crawler  
  55  3:57  Drone x4  
  57  4:03  Zergling x4  
  57  4:08  Overlord  
  57  4:09  Drone  
  60  4:12  Drone x2  
  60  4:13  Drone x2  
  64  4:17  Zergling x2  
  64  4:18  Overlord  
  64  4:22  Overlord  
  65  4:27  Overlord  
  65  4:28  Drone  
  65  4:29  Roach Warren  
  65  4:34  Drone  
  65  4:37  Drone x6  
  72  4:41  Lair  
  72  4:43  Drone, Spore Crawler  
  72  4:44  Drone, Extractor x2  
  71  4:47  Zergling x2  
  71  4:49  Drone  
  73  4:53  Drone x4  
  73  4:56  Overlord  
  77  5:04  Drone  
  77  5:05  Drone, Overlord, Hatchery  
  78  5:07  Drone  
  78  5:08  Drone  
  78  5:11  Extractor x2  
  78  5:12  Drone x2, Evolution Chamber  
  79  5:15  Drone, Overlord  
  79  5:20  Overlord  
  80  5:22  Overlord  
  80  5:32  Zergling x4  
  81  5:38  Zerg Missile Weapons Level 1  
  81  5:40  Drone x3  
  81  5:41  Glial Reconstitution, Drone x4  
  88  5:47  Roach x5  
  98  5:52  Drone  
  98  5:53  Infestation Pit, Overlord  
  98  5:54  Overseer  
  98  5:55  Pneumatized Carapace  
  100  5:57  Roach x3  
  100  6:00  Overlord  
  104  6:04  Drone  
  104  6:05  Overlord  
  104  6:06  Roach x2  
  104  6:11  Overlord  
  109  6:15  Roach  
  109  6:16  Roach x3  
  116  6:18  Overlord  
  116  6:20  Overlord  
  116  6:22  Roach x2  
  120  6:27  Overseer  
  120  6:30  Queen  
  120  6:32  Drone  
  123  6:34  Ravager x3  
  123  6:37  Zergling x12  
  130  6:45  Drone x3  
  129  6:51  Zergling x22  
  140  6:54  Ravager x3  
  140  6:57  Drone  
  140  6:58  Drone  
  140  7:01  Hive  
  145  7:02  Extractor, Drone x2  
  145  7:05  Drone  
  147  7:09  Drone  
  147  7:11  Hydralisk Den  
  147  7:13  Drone x5  
  154  7:18  Overlord  
  154  7:21  Drone x3  
  154  7:22  Overlord  
  152  7:25  Queen x3  
  152  7:29  Overlord  
  155  7:34  Drone x2  
  150  7:37  Zerg Ground Armor Level 1  
  150  7:40  Extractor, Hydralisk  
  150  7:41  Hydralisk x2  
  150  7:42  Grooved Spines  
  153  7:47  Zergling x18  
  156  7:51  Drone x3  
  156  7:52  Extractor  
  158  8:01  Zergling x10  
  163  8:10  Overlord x2  
  163  8:11  Viper  
  163  8:12  Viper x2  
  169  8:18  Hatchery  
  171  8:22  Drone x2, Evolution Chamber  
  171  8:23  Drone  
  173  8:29  Drone  
  173  8:33  Muscular Augments  
  174  8:36  Hydralisk x8  
  190  8:42  Hatchery  
  189  8:49  Lurker Den  
  189  8:52  Hydralisk x4  
  196  9:10  Hydralisk  
  196  9:11  Zergling x2  
  196  9:16  Overseer  
  199  9:18  Overseer  
  198  9:28  Extractor x2, Spore Crawler  
  191  9:37  Hydralisk x13  
  192  9:49  Hydralisk x2  
  187  9:56  Hydralisk  
  187  9:57  Hydralisk x6  
  187  9:59  Overlord x3  
  195  10:04  Drone x2  
  195  10:06  Zergling x2  
  195  10:07  Zergling x2  
  197  10:09  Overlord  
  197  10:10  Overlord  
  190  10:17  Hydralisk x2  
  190  10:18  Zergling x14  
Show
View Real Time Build Order
Export as new Build Order

goblin Protoss 

Build Orders: 1 Gate Expand, Oracle Opening 

Get SALT Encoding   

  12  0:00  Probe  
  13  0:12  Probe  
  14  0:18  Pylon  
  14  0:24  Probe (Chrono Boost)  
  15  0:36  Probe (Chrono Boost)  
  15  0:38  Gateway  
  16  0:45  Probe (Chrono Boost)  
  16  0:46  Assimilator  
  17  0:50  Probe  
  18  1:03  Probe  
  19  1:15  Probe  
  20  1:24  Nexus  
  21  1:34  Cybernetics Core  
  21  1:37  Probe  
  21  1:46  Assimilator  
  21  1:49  Probe  
  21  1:53  Pylon  
  22  2:01  Probe (Chrono Boost)  
  23  2:11  Adept  
  23  2:13  Probe (Chrono Boost)  
  26  2:16  Stargate  
  26  2:21  Probe (Chrono Boost)  
  27  2:27  Probe (Chrono Boost), Warp Gate  
  29  2:38  Probe (Chrono Boost)  
  29  2:39  Probe (Chrono Boost)  
  29  2:41  Stalker  
  32  2:45  Probe (Chrono Boost)  
  32  2:47  Probe (Chrono Boost)  
  32  2:50  Probe (Chrono Boost)  
  34  2:55  Probe  
  36  3:00  Oracle (Chrono Boost)  
  36  3:02  Probe  
  40  3:07  Probe, Pylon  
  41  3:15  Probe  
  41  3:17  Gateway  
  41  3:19  Probe  
  44  3:27  Probe  
  44  3:30  Oracle  
  44  3:31  Probe  
  48  3:42  Nexus  
  48  3:44  Probe  
  48  3:48  Pylon  
  49  3:50  Probe  
  49  3:52  Assimilator  
  49  3:54  Assimilator  
  50  3:56  Probe  
  50  4:02  Probe  
  52  4:03  Twilight Council  
  52  4:08  Probe (Chrono Boost)  
  52  4:09  Forge  
  53  4:14  Probe (Chrono Boost)  
  54  4:17  Oracle  
  54  4:20  Probe (Chrono Boost)  
  54  4:21  Pylon  
  58  4:25  Probe (Chrono Boost)  
  58  4:26  Probe (Chrono Boost)  
  58  4:27  Pylon  
  60  4:31  Probe  
  60  4:34  Probe  
  62  4:40  Blink  
  62  4:42  Protoss Ground Weapons Level 1  
  62  4:43  Probe (Chrono Boost)  
  63  4:48  Probe (Chrono Boost)  
  64  4:54  Gateway  
  64  4:55  Gateway, Probe (Chrono Boost)  
  64  4:57  Probe (Chrono Boost)  
  67  5:04  Probe x2 (Chrono Boost)  
  67  5:05  Probe (Chrono Boost)  
  69  5:09  Probe (Chrono Boost)  
  69  5:10  Assimilator  
  69  5:11  Probe  
  69  5:12  Probe  
  69  5:13  Gateway  
  72  5:15  Gateway  
  72  5:21  Probe  
  72  5:22  Stalker  
  72  5:23  Probe  
  72  5:25  Assimilator  
  76  5:33  Stalker  
  76  5:34  Probe x2  
  79  5:43  Probe (Chrono Boost)  
  79  5:46  Fleet Beacon, Stargate  
  79  5:47  Probe (Chrono Boost)  
  81  5:52  Probe (Chrono Boost)  
  81  5:53  Pylon  
  81  5:56  Stalker x2, Probe (Chrono Boost)  
  87  5:57  Probe (Chrono Boost)  
  87  6:00  Probe (Chrono Boost)  
  87  6:02  Probe  
  89  6:04  Probe  
  89  6:09  Pylon  
  90  6:17  Nexus  
  90  6:21  Probe  
  91  6:26  Probe  
  91  6:28  Carrier x2 (Chrono Boost)  
  104  6:34  Templar Archives  
  104  6:39  Probe  
  105  6:49  Stalker x2  
  105  6:52  Pylon  
  109  6:54  Shield Battery  
  109  6:55  Pylon  
  109  6:56  Shield Battery  
  109  6:57  Shield Battery  
  109  7:02  Photon Cannon  
  109  7:03  Photon Cannon  
  109  7:05  Shield Battery  
  109  7:06  Pylon  
  108  7:16  Pylon  
  108  7:20  Stalker x4  
  116  7:24  Pylon  
  116  7:25  Protoss Ground Weapons Level 2 (Chrono Boost)  
  122  7:32  Stalker  
  122  7:34  Carrier x2 (Chrono Boost)  
  114  7:39  Charge  
  114  7:40  Cybernetics Core  
  126  7:50  Probe  
  126  7:51  Probe  
  128  8:03  Gateway, Pylon  
  128  8:08  Pylon  
  128  8:13  High Templar x3, Zealot x2  
  128  8:14  High Templar  
  128  8:15  Nexus  
  128  8:18  Pylon  
  140  8:20  Photon Cannon  
  140  8:23  Photon Cannon  
  140  8:24  Gateway, Archon x2  
  140  8:27  Gateway  
  140  8:32  Psionic Storm  
  140  8:37  Protoss Air Weapons Level 1  
  140  8:38  High Templar x2  
  140  8:40  Nexus  
  144  8:41  Photon Cannon  
  144  8:43  Photon Cannon  
  144  8:44  Archon  
  144  8:45  Shield Battery  
  144  8:59  High Templar  
  144  9:00  Zealot x4  
  154  9:03  Gateway  
  154  9:05  Shield Battery  
  154  9:07  Gateway  
  154  9:15  High Templar  
  154  9:16  High Templar  
  158  9:26  Photon Cannon x2  
  158  9:27  Shield Battery  
  110  9:50  Stalker x4  
  110  9:51  Stalker x5  
  93  10:09  Stalker x2  
  101  10:21  Zealot x9  
  93  10:42  Stalker x4  
  99  10:43  Stalker  
Tags
 
Add a new tag
Caveats
  • Supply blocks, unpowered buildings, or Contaminate may cause inaccurate times.
  • Supply counts are checked every 10 seconds.